 Dungeon Crawl Stone Soup version 0.22.1-2-g9c5b331 (webtiles) character file.

256 whitewolfNL the Cudgeler (level 5, -4/46 HPs)
             Began as a Minotaur Berserker on Nov 27, 2018.
             Was a Believer of Trog.
             Slain by a gnoll
             ... wielding a +0 spear
              (7 damage)
             ... on level 3 of the Dungeon.
             The game lasted 00:06:00 (2272 turns).

whitewolfNL the Cudgeler (Minotaur Berserker)       Turns: 2272, Time: 00:06:01

Health: -4/46      AC:  5    Str: 19    XL:     5   Next: 92%
Magic:  4/4        EV: 12    Int:  5    God:    Trog [**....]
Gold:   153        SH:  0    Dex: 10    Spells: 4/4 levels left

rFire    . . .     SeeInvis .   a - +0 mace
rCold    . . .     Gourm    .   (no shield)
rNeg     . . .     Faith    .   e - +0 ring mail (curse)
rPois    .         Spirit   .   (helmet restricted)
rElec    .         Reflect  .   (no cloak)
rCorr    .         Harm     .   (no gloves)
MR       .....                  (no boots)
Stlth    +.........             (no amulet)
HPRegen  0.15/turn              h - -2 ring of strength (curse)
MPRegen  0.09/turn              (no ring)

@: no status effects
A: retaliatory headbutt, horns 2
a: Berserk, Trog's Hand, Renounce Religion


You were on level 3 of the Dungeon.
You worshipped Trog.
Trog was pleased with you.
You were hungry.

You visited 1 branch of the dungeon, and saw 3 of its levels.

You collected 153 gold pieces.

Inventory:

Hand Weapons
 a - a +0 mace (weapon)
Missiles
 b - 20 bolts
 d - 16 arrows
 g - 40 stones (quivered)
 l - 8 tomahawks of returning
Armour
 e - a cursed +0 ring mail (worn)
 j - a cursed +0 ring mail
Jewellery
 h - a cursed -2 ring of strength (left hand)
Wands
 i - a wand of polymorph (17)
Scrolls
 m - a scroll of teleportation {unknown}
Potions
 f - a potion of flight
 k - a potion of curing {unknown}
Comestibles
 c - 4 rations


   Skills:
 + Level 4.3 Fighting
 * Level 5.9 Maces & Flails
 * Level 4.1 Armour
 * Level 3.2 Dodging
 * Level 1.3 Stealth


You had 4 spell levels left.
You didn't know any spells.
Your spell library was empty.

Dungeon Overview and Level Annotations

Branches:
Dungeon (3/15)

Altars:
Cheibriados
Ru
Wu Jian


Innate Abilities, Weirdness & Mutations

You reflexively headbutt those who attack you in melee.
You have a pair of horns on your head.


Message History

The gnoll hits you with a spear.
* * * LOW HITPOINT WARNING * * *
The gnoll hits you with a spear.
* * * LOW HITPOINT WARNING * * *
You closely miss the gnoll.
The gnoll is heavily wounded.
The gnoll closely misses you. You furiously retaliate!
You headbutt the gnoll! The gnoll barely misses you.
You barely miss the gnoll. You headbutt the gnoll.
You kill the gnoll!
Trog accepts your kill. The gnoll closely misses you. You furiously retaliate!
You headbutt the gnoll. You barely miss the gnoll.
The gnoll is severely wounded.
The gnoll closely misses you. The gnoll hits you with a spear.
* * * LOW HITPOINT WARNING * * *
You barely miss the gnoll. Your headbutt misses the gnoll.
The gnoll is severely wounded.
The gnoll hits you with a spear!
You die...

#. #. #. #. ##. ## #..
.. ############..
#.#####.............
#.)@)......#######..
#.g####.##.#######..
................).....
####..
###.##.########. #..
#.##.# #. #..
#.##.##### ##. ...
#.##<....###.# ###
#.######.##.#. ..#
#.#.#..


You could see a gnoll.

Vanquished Creatures
  An ice beast (D:2)
  2 orc priests (D:3)
  3 gnolls (D:3)
  An adder (D:3)
  2 oozes
  2 worms
  2 dart slugs
  A leopard gecko (D:3)
  3 orcs (D:3)
  4 giant cockroaches
  4 goblins
  4 hobgoblins
  6 jackals (D:1)
  2 bats
  2 frilled lizards (D:1)
  4 kobolds
  7 rats
50 creatures vanquished.

Notes
Turn   | Place    | Note
-------+----------+-------------------------------------------
     0 | D:1      | whitewolfNL the Minotaur Berserker began the quest for the
                  | Orb.
     0 | D:1      | Reached XP level 1. HP: 19/19 MP: 0/0
    66 | D:1      | Reached skill level 4 in Maces & Flails
    89 | D:1      | Reached XP level 2. HP: 26/27 MP: 1/1
   339 | D:1      | Reached XP level 3. HP: 33/33 MP: 2/2
   555 | D:2      | Noticed an ice beast
   557 | D:2      | Found an ornate altar of the Wu Jian Council.
   568 | D:2      | Killed an ice beast
   568 | D:2      | Reached skill level 5 in Maces & Flails
   568 | D:2      | Reached skill level 1 in Stealth
   568 | D:2      | Reached XP level 4. HP: 12/40 MP: 3/3
  1037 | D:2      | Found a snail-covered altar of Cheibriados.
  1259 | D:2      | Reached XP level 5. HP: 40/46 MP: 4/4
  1648 | D:3      | Reached ** piety under Trog
  1738 | D:3      | Found a sacrificial altar of Ru.
  2272 | D:3      | Slain by a gnoll

Skill      XL: |  1  2  3  4  5 |
---------------+----------------+-----
Maces & Flails | 4 5 |  5.9
Fighting       | 4 |  4.3
Armour         | 3 4 |  4.1
Stealth        | 1 |  1.3
Dodging        | 3 |  3.2

Action                   |  1- 3 |  4- 6 || total
-------------------------+-------+-------++-------
Melee: Mace              |    57 |    70 ||   127
       Headbutt          |     5 |    16 ||    21
Invok: Berserk           |     1 |     1 ||     2
  Use: Scroll            |     2 |       ||     2
  Eat: Chunk             |       |     2 ||     2
       Ration            |       |     1 ||     1
Armor: Ring mail         |    16 |    20 ||    36
Dodge: Dodged            |    31 |    48 ||    79
